APL (24 & UNDER)
NASHUA REDLEGS @ SCOTTSDALE SCORPIONS
06/21/2029
 
TOP OF THE 1ST
Nashua Redlegs batting - Pitching for Scottsdale Scorpions : RHP John Robinson
Pitching: RHP John Robinson
Batting: RHB António López 0-0: Foul Ball, location: 2F
0-1: Ball
1-1: Called Strike
1-2: Foul Ball, location: 2F
1-2: Foul Ball, location: 2F
1-2: Strikes out swinging
Batting: RHB Currito Campos 0-0: Ball
1-0: Swinging Strike
1-1: Foul Ball, location: 2F
1-2: Ball
2-2: Foul Ball, location: 2F
2-2: SINGLE (Flyball, 7S)
Batting: LHB Bob Campbell 0-0: Ball
1-0: Swinging Strike
1-1: Fielders Choice at 2nd, 6-4 (Groundball, 56)
Batting: RHB Manuel Pérez 0-0: Ball
1-0: Foul Ball, location: 2F
1-1: Ball
Bob Campbell steals 2nd base
2-1: Fly out, F6 (Popup, 6)
Top of the 1st over - 0 runs, 1 hit, 0 errors, 1 left on base; Nashua 0 - Scottsdale 0
BOTTOM OF THE 1ST
Scottsdale Scorpions batting - Pitching for Nashua Redlegs : LHP Leonard Simmons
Pitching: LHP Leonard Simmons
Batting: LHB Tony Ayala 0-0: Ball
1-0: Ball
2-0: Ball
3-0: Base on Balls
Batting: RHB Steve Boyer 0-0: Ball
1-0: Foul Ball, location: 2F
1-1: Foul Ball, location: 2F
1-2: Foul Ball, location: 2F
1-2: Ball
2-2: Foul Ball, location: 2F
2-2: Ball
3-2: Ground out U3 (Groundball, 34S)
Tony Ayala to second
Batting: SHB Arnold Moore 0-0: Called Strike
0-1: Ball
1-1: Ball
2-1: Ground out U3 (Groundball, 3S)
Tony Ayala to third
Batting: LHB Manny Vigil 0-0: Called Strike
0-1: Fly out, F6 (Line Drive, 6)
Bottom of the 1st over - 0 runs, 0 hits, 0 errors, 1 left on base; Nashua 0 - Scottsdale 0
TOP OF THE 2ND
Nashua Redlegs batting - Pitching for Scottsdale Scorpions : RHP John Robinson
Batting: RHB Eleuterio Supardo 0-0: Ball
1-0: Ground out 4-3 (Groundball, 4S)
Batting: RHB Katsuhito Ohayashi 0-0: Foul Ball, location: 2F
0-1: Bunted foul
0-2: Ball
1-2: Strikes out swinging
Batting: SHB José Vélez 0-0: Swinging Strike
0-1: Foul Ball, location: 2F
0-2: Ball
1-2: Ground out 6-3 (Groundball, 6)
Top of the 2nd over - 0 runs, 0 hits, 0 errors, 0 left on base; Nashua 0 - Scottsdale 0
BOTTOM OF THE 2ND
Scottsdale Scorpions batting - Pitching for Nashua Redlegs : LHP Leonard Simmons
Batting: LHB Pedro Díaz 0-0: Ball
1-0: Ground out U3 (Groundball, 3)
Batting: RHB Ronald Smith 0-0: Ball
1-0: Swinging Strike
1-1: SINGLE (Line Drive, 7LS)
Batting: RHB Robinson Fernández 0-0: Foul Ball, location: 2F
0-1: Ball
1-1: Ball
2-1: Foul Ball, location: 2F
2-2: SINGLE (Groundball, 56) (infield hit)
Ronald Smith to second
Batting: RHB Alan Evans 0-0: Ball
1-0: Called Strike
1-1: Called Strike
1-2: Strikes out swinging
Batting: RHB Bob Jones 0-0: Ball
1-0: Called Strike
1-1: 3-RUN HOME RUN (Flyball, 7D), Distance : 357 ft
Batting: LHB Tony Ayala 0-0: Ball
1-0: Fly out, F9 (Flyball, 89D)
Bottom of the 2nd over - 3 runs, 3 hits, 0 errors, 0 left on base; Nashua 0 - Scottsdale 3
TOP OF THE 3RD
Nashua Redlegs batting - Pitching for Scottsdale Scorpions : RHP John Robinson
Batting: RHB David Adams 0-0: Ball
1-0: Foul Ball, location: 2F
1-1: Ball
2-1: DOUBLE (Flyball, 78D)
Batting: RHB Jorge Valenzuela 0-0: DOUBLE (Line Drive, 78D)
David Adams scores
Batting: RHB António López 0-0: Ball
1-0: Swinging Strike
1-1: Ball
Wild Pitch!
Jorge Valenzuela to third
2-1: Ball
3-1: Ground out 5-3 (Groundball, 56)
Jorge Valenzuela scores
Batting: RHB Currito Campos 0-0: Called Strike
0-1: Ball
1-1: Ground out 5-3 (Groundball, 5L)
Batting: LHB Bob Campbell 0-0: Ball
1-0: Called Strike
1-1: Foul Ball, location: 2F
1-2: Ball
2-2: Foul Ball, location: 2F
2-2: Ball
3-2: Base on Balls
Batting: RHB Manuel Pérez 0-0: Called Strike
Bob Campbell is caught stealing 2nd base
Top of the 3rd over - 2 runs, 2 hits, 0 errors, 0 left on base; Nashua 2 - Scottsdale 3
BOTTOM OF THE 3RD
Scottsdale Scorpions batting - Pitching for Nashua Redlegs : LHP Leonard Simmons
Batting: RHB Steve Boyer 0-0: Called Strike
0-1: Swinging Strike
0-2: Foul Ball, location: 2F
0-2: Ball
1-2: Ground out 4-3 (Groundball, 4)
Batting: SHB Arnold Moore 0-0: Foul Ball, location: 2F
0-1: Ball
1-1: Ball
2-1: Fly out, F6 (Flyball, 56D)
Batting: LHB Manny Vigil 0-0: SINGLE (Groundball, 34D)
Batting: LHB Pedro Díaz 0-0: Swinging Strike
0-1: Ball
1-1: Foul Ball, location: 2F
1-2: Foul Ball, location: 2F
1-2: Foul Ball, location: 2F
1-2: Foul Ball, location: 2F
1-2: Strikes out swinging
Bottom of the 3rd over - 0 runs, 1 hit, 0 errors, 1 left on base; Nashua 2 - Scottsdale 3
TOP OF THE 4TH
Nashua Redlegs batting - Pitching for Scottsdale Scorpions : RHP John Robinson
Batting: RHB Manuel Pérez 0-0: Swinging Strike
0-1: SINGLE (Line Drive, 6MD)
Batting: RHB Eleuterio Supardo 0-0: Called Strike
0-1: Ball
1-1: Called Strike
Manuel Pérez steals 2nd base
1-2: Foul Ball, location: 2F
1-2: TRIPLE (Line Drive, 7D)
Manuel Pérez scores
Batting: RHB Katsuhito Ohayashi 0-0: Intentional Walk
Batting: SHB José Vélez 0-0: Ball
1-0: Called Strike
1-1: Ball
2-1: Ball
3-1: Called Strike
3-2: Strikes out swinging
Batting: RHB David Adams 0-0: Foul Ball, location: 2F
0-1: Ball
1-1: Called Strike
1-2: Ball
2-2: Strikes out swinging
Batting: RHB Jorge Valenzuela 0-0: Ball
1-0: Swinging Strike
1-1: Foul Ball, location: 2F
1-2: Foul Ball, location: 2F
1-2: Fly out, F7 (Flyball, 7LS)
Top of the 4th over - 1 run, 2 hits, 0 errors, 2 left on base; Nashua 3 - Scottsdale 3
BOTTOM OF THE 4TH
Scottsdale Scorpions batting - Pitching for Nashua Redlegs : LHP Leonard Simmons
Batting: RHB Ronald Smith 0-0: Ground out 5-3 (Groundball, 56)
Batting: RHB Robinson Fernández 0-0: Ball
1-0: Swinging Strike
1-1: Swinging Strike
1-2: Strikes out swinging
Batting: RHB Alan Evans 0-0: Called Strike
0-1: Foul Ball, location: 2F
0-2: Strikes out swinging
Bottom of the 4th over - 0 runs, 0 hits, 0 errors, 0 left on base; Nashua 3 - Scottsdale 3
TOP OF THE 5TH
Nashua Redlegs batting - Pitching for Scottsdale Scorpions : RHP John Robinson
Batting: RHB António López 0-0: SINGLE (Groundball, 56D)
Batting: RHB Currito Campos 0-0: Ball
1-0: Ball
2-0: Called Strike
2-1: Swinging Strike
2-2: 2-RUN HOME RUN (Flyball, 8RD), Distance : 388 ft
Pitching: RHP Sterling Caldwell
Batting: LHB Bob Campbell 0-0: Called Strike
0-1: Foul Ball, location: 2F
0-2: Strikes out swinging
Batting: RHB Manuel Pérez 0-0: Ball
1-0: Ball
2-0: Fly out, F9 (Line Drive, 89M)
Batting: RHB Eleuterio Supardo 0-0: Called Strike
0-1: Ball
1-1: Called Strike
1-2: Strikes out swinging
Top of the 5th over - 2 runs, 2 hits, 0 errors, 0 left on base; Nashua 5 - Scottsdale 3
BOTTOM OF THE 5TH
Scottsdale Scorpions batting - Pitching for Nashua Redlegs : LHP Leonard Simmons
Batting: RHB Bob Jones 0-0: Ball
1-0: Foul Ball, location: 2F
1-1: Ball
2-1: Ground out 6-3 (Groundball, 6)
Batting: LHB Tony Ayala 0-0: Called Strike
0-1: Ball
1-1: DOUBLE (Line Drive, 9LM)
Batting: RHB Steve Boyer 0-0: Ball
1-0: Swinging Strike
1-1: Ball
2-1: Ball
3-1: Base on Balls
Batting: SHB Arnold Moore 0-0: Ball
1-0: Ball
2-0: Fly out, F9 (Flyball, 89M)
Batting: LHB Manny Vigil 0-0: Fly out, F8 (Flyball, 8RM)
Bottom of the 5th over - 0 runs, 1 hit, 0 errors, 2 left on base; Nashua 5 - Scottsdale 3
TOP OF THE 6TH
Nashua Redlegs batting - Pitching for Scottsdale Scorpions : RHP Sterling Caldwell
Batting: RHB Katsuhito Ohayashi 0-0: Ball
1-0: Foul Ball, location: 2F
1-1: Ball
2-1: Ground out 2-3 (Groundball, 2R)
Batting: SHB José Vélez 0-0: Fly out, F1 (Line Drive, 13)
Batting: RHB David Adams 0-0: Called Strike
0-1: Ground out 6-3 (Groundball, 6)
Top of the 6th over - 0 runs, 0 hits, 0 errors, 0 left on base; Nashua 5 - Scottsdale 3
BOTTOM OF THE 6TH
Scottsdale Scorpions batting - Pitching for Nashua Redlegs : LHP Leonard Simmons
Batting: LHB Pedro Díaz 0-0: Called Strike
0-1: Swinging Strike
0-2: Strikes out swinging
Batting: RHB Ronald Smith 0-0: Called Strike
0-1: Swinging Strike
0-2: Ball
1-2: Ball
2-2: Fly out, F5 (Line Drive, 56)
Batting: RHB Robinson Fernández 0-0: Ball
1-0: Swinging Strike
1-1: Foul Ball, location: 2F
1-2: Ground out 5-3 (Groundball, 56S)
Bottom of the 6th over - 0 runs, 0 hits, 0 errors, 0 left on base; Nashua 5 - Scottsdale 3
TOP OF THE 7TH
Nashua Redlegs batting - Pitching for Scottsdale Scorpions : RHP Sterling Caldwell
Batting: RHB Jorge Valenzuela 0-0: Ball
1-0: Ball
2-0: Ball
3-0: Called Strike
3-1: Called Strike
3-2: Strikes out swinging
Batting: RHB António López 0-0: Ball
1-0: Called Strike
1-1: SOLO HOME RUN (Flyball, 7D), Distance : 347 ft
Batting: RHB Currito Campos 0-0: Foul Ball, location: 2F
0-1: Ball
1-1: Ball
2-1: Ball
3-1: Base on Balls
Batting: LHB Bob Campbell 0-0: Ball
1-0: Swinging Strike
1-1: Ball
2-1: Ball
3-1: Foul Ball, location: 2F
3-2: Strikes out swinging
Batting: RHB Manuel Pérez 0-0: DOUBLE (Line Drive, 78D)
Currito Campos to third
Batting: RHB Eleuterio Supardo 0-0: Intentional Walk
Batting: RHB Katsuhito Ohayashi 0-0: Swinging Strike
0-1: Ball
1-1: Called Strike
1-2: SINGLE (Line Drive, 78M)
Currito Campos scores
Manuel Pérez to third
Eleuterio Supardo to second
Runner from 3rd tries for Home, SAFE, throw made home
Batting: SHB José Vélez 0-0: Called Strike
0-1: Ball
1-1: Ground out 4-3 (Groundball, 34)
Top of the 7th over - 3 runs, 3 hits, 0 errors, 2 left on base; Nashua 8 - Scottsdale 3
BOTTOM OF THE 7TH
Scottsdale Scorpions batting - Pitching for Nashua Redlegs : LHP Leonard Simmons
Batting: RHB Alan Evans 0-0: Foul Ball, location: 2F
0-1: Ball
1-1: Reached on error, E4 (Groundball, 4)
Batting: RHB Bob Jones 0-0: Hit by Pitch
Alan Evans to second
Batting: LHB Tony Ayala 0-0: Called Strike
0-1: Ball
1-1: Called Strike
1-2: Ball
2-2: Foul Ball, location: 2F
2-2: Foul Ball, location: 2F
2-2: Foul Ball, location: 2F
2-2: Strikes out swinging
Batting: RHB Steve Boyer 0-0: Ball
1-0: Called Strike
1-1: Called Strike
Alan Evans steals 3rd base
1-2: Foul Ball, location: 2F
1-2: DOUBLE (Flyball, 89D)
Alan Evans scores
Bob Jones to third
Pitching: RHP Alonso Rivera
Batting: SHB Arnold Moore 0-0: Ball
1-0: Ball
2-0: Ball
3-0: Foul Ball, location: 2F
3-1: DOUBLE (Line Drive, 78D)
Bob Jones scores
Steve Boyer scores
Batting: LHB Manny Vigil 0-0: Fly out, F6 (Popup, P)
Batting: LHB Pedro Díaz 0-0: Called Strike
0-1: Foul Ball, location: 2F
0-2: Fly out, F9 (Flyball, 9LD)
Bottom of the 7th over - 3 runs, 2 hits, 1 error, 1 left on base; Nashua 8 - Scottsdale 6
TOP OF THE 8TH
Nashua Redlegs batting - Pitching for Scottsdale Scorpions : RHP Sterling Caldwell
Pitching: RHP Jorge Chávez
Batting: RHB David Adams 0-0: Called Strike
0-1: Called Strike
0-2: Foul Ball, location: 2F
0-2: Strikes out looking
Batting: RHB Jorge Valenzuela 0-0: Called Strike
0-1: Swinging Strike
0-2: Fly out, F9 (Flyball, 9)
Batting: RHB António López 0-0: Ball
1-0: Ball
2-0: Ball
3-0: Called Strike
3-1: Called Strike
3-2: Base on Balls
Batting: RHB Currito Campos 0-0: Called Strike
0-1: Ball
1-1: Ball
2-1: Ball
3-1: Base on Balls
António López to second
Batting: LHB Bob Campbell 0-0: Ball
1-0: Called Strike
1-1: Ball
2-1: Foul Ball, location: 2F
2-2: Ball
3-2: Foul Ball, location: 2F
3-2: Fly out, F7 (Flyball, 78M)
Top of the 8th over - 0 runs, 0 hits, 0 errors, 2 left on base; Nashua 8 - Scottsdale 6
BOTTOM OF THE 8TH
Scottsdale Scorpions batting - Pitching for Nashua Redlegs : RHP Alonso Rivera
Batting: RHB Ronald Smith 0-0: Foul Ball, location: 2F
0-1: SINGLE (Line Drive, 56)
Batting: RHB Robinson Fernández 0-0: Fly out, F5 (Popup, 56S)
Batting: RHB Alan Evans 0-0: Ball
1-0: Called Strike
1-1: Foul Ball, location: 2F
1-2: Ball
2-2: Foul Ball, location: 2F
2-2: Reached on error, E5 (Groundball, 56)
Ronald Smith to second
Batting: RHB Bob Jones 0-0: Called Strike
0-1: Ball
1-1: Grounds into double play, 6-4-3 (Groundball, 6)
Bottom of the 8th over - 0 runs, 1 hit, 1 error, 1 left on base; Nashua 8 - Scottsdale 6
TOP OF THE 9TH
Nashua Redlegs batting - Pitching for Scottsdale Scorpions : RHP Jorge Chávez
Batting: RHB Manuel Pérez 0-0: Ball
1-0: Ball
2-0: Swinging Strike
2-1: Called Strike
2-2: Ball
3-2: Fly out, F8 (Flyball, 78M)
Batting: RHB Eleuterio Supardo 0-0: Ball
1-0: Foul Ball, location: 2F
1-1: Ball
2-1: Ball
3-1: Foul Ball, location: 2F
3-2: Base on Balls
Batting: RHB Katsuhito Ohayashi 0-0: Swinging Strike
0-1: Ball
1-1: Ball
2-1: Foul Ball, location: 2F
2-2: Strikes out swinging
Eleuterio Supardo is caught stealing 2nd base
Batter strikes out.
Top of the 9th over - 0 runs, 0 hits, 0 errors, 0 left on base; Nashua 8 - Scottsdale 6
BOTTOM OF THE 9TH
Scottsdale Scorpions batting - Pitching for Nashua Redlegs : RHP Alonso Rivera
Pitching: LHP Emory Contreras
Now at C: Ian Howard
Now at SS: Manny Herrera
Now in LF: Dave Warren
Now in RF: Kyle Mann
Batting: LHB Tony Ayala 0-0: Ball
1-0: Called Strike
1-1: Foul Ball, location: 2F
1-2: Strikes out swinging
Batting: RHB Steve Boyer 0-0: Called Strike
0-1: Ground out 4-3 (Groundball, 4)
Batting: SHB Arnold Moore 0-0: Foul Ball, location: 2F
0-1: Ball
1-1: Foul Ball, location: 2F
1-2: Ground out 1-3 (Groundball, 13S)
Bottom of the 9th over - 0 runs, 0 hits, 0 errors, 0 left on base; Nashua 8 - Scottsdale 6
Saturday, December 16th, 2017 - OOTP Baseball 18.8 Build 76